 Dungeon Crawl Stone Soup version 0.24.1-4-ge52af88ad5 (webtiles) character file.

Game seed: 18432324538763923832, levelgen mode: deterministic

5667 greeedy the Martial Artist (level 10, -3/65 HPs)
             Began as a Demonspawn Artificer on Apr 15, 2020.
             Was a Believer of Dithmenos.
             Slain by a two-headed ogre
             ... wielding a +0 giant club
              (20 damage)
             ... on level 9 of the Dungeon.
             The game lasted 00:27:32 (8491 turns).

greeedy the Martial Artist (Demonspawn Artificer)   Turns: 8491, Time: 00:27:33

Health: -3/65      AC: 16    Str: 12    XL:     10   Next: 47%
Magic:  13/13      EV: 16    Int: 14    God:    Dithmenos [**....]
Gold:   300        SH:  5    Dex: 16    Spells: 9/9 levels left

rFire    . . .     SeeInvis .     - Unarmed
rCold    . . .     Gourm    .   x - +0 buckler
rNeg     . . .     Faith    .   k - +0 acid dragon scales
rPois    .         Spirit   .   (no helmet)
rElec    .         Reflect  .   o - +0 cloak
rCorr    +         Harm     .   (no gloves)
MR       .....                  (no boots)
Stlth    +++++.....             (no amulet)
HPRegen  0.20/turn              B - +5 ring of protection
MPRegen  0.13/turn              p - +3 ring of protection

@: wreathed by umbra
A: claws 1, repulsion field 2, nightstalker 1, powered by pain 1
a: Shadow Step, Renounce Religion


You were on level 9 of the Dungeon.
You worshipped Dithmenos.
Dithmenos was pleased with you.
You were hungry.

You visited 2 branches of the dungeon, and saw 10 of its levels.

You collected 300 gold pieces.

Inventory:

Armour
 g - a +2 shield
 k - +0 acid dragon scales (worn)
 o - a +0 cloak (worn)
 x - a +0 buckler (worn)
Jewellery
 p - a +3 ring of protection (right claw)
 B - a +5 ring of protection (left claw)
Wands
 c - a wand of flame (21)
 d - a wand of enslavement (15)
 e - a wand of random effects (10)
 D - a wand of polymorph (6)
Scrolls
 a - 2 scrolls of teleportation
 q - a scroll of fog {unknown}
 r - a scroll of fear
 t - a scroll of remove curse
 u - a scroll of acquirement
 v - a scroll of identify
 y - a scroll of enchant weapon
 C - a scroll of blinking {unknown}
 F - a scroll of random uselessness {unknown}
Potions
 b - 2 potions of berserk rage {unknown}
 h - a potion of ambrosia {unknown}
 i - 2 potions of agility {unknown}
 j - 6 potions of curing
 l - a potion of invisibility {unknown}
 m - a potion of cancellation {unknown}
 n - 2 potions of might {unknown}
 s - 4 potions of heal wounds
 w - 2 potions of degeneration {unknown}
 z - a potion of mutation {unknown}
 A - a potion of flight {unknown}
Comestibles
 f - 14 rations


   Skills:
 - Level 1.0 Fighting
   Level 2.7 Short Blades
 * Level 5.2 Armour
 + Level 4.1 Dodging
 * Level 5.8 Stealth
 - Level 4.1 Shields
 * Level 9.9 Unarmed Combat
 - Level 4.0 Invocations
 - Level 3.0 Evocations


You had 9 spell levels left.
You didn't know any spells.
Your spell library contained the following spells:

 Spells                   Type           Power        Failure   Level  Hunger
 Animate Skeleton         Necr           N/A          38%         1    ##.....
 Apportation              Tloc           #.....       38%         1    ##.....
 Confusing Touch          Hex            #.....       38%         1    ##.....
 Summon Small Mammal      Summ           #...         38%         1    ##.....


Dungeon Overview and Level Annotations

Branches:
Dungeon (9/15)             Temple (1/1) D:5            Lair (0/6) D:8
    Orc: D:9-12

Altars:
Ashenzari
Cheibriados
Dithmenos
Elyvilon
Fedhas
Gozag
Hepliaklqana
Kikubaaqudgha
Makhleb
Nemelex Xobeh
Okawaru
Qazlal
Ru
Sif Muna
Trog
Uskayaw
Vehumet
Wu Jian
Xom
Yredelemnul
Zin
The Shining One

Shops:
D:4 (


Innate Abilities, Weirdness & Mutations

You have sharp fingernails.
You are surrounded by a moderate repulsion field. (EV +3)
You are slightly more attuned to the shadows.
You sometimes gain a little power by taking damage.


Message History

You scratch the two-headed ogre.
The two-headed ogre is moderately wounded.
The two-headed ogre barely misses you. The two-headed ogre misses you.
An orc comes into view. It is wielding a +0 hand axe.
The orc shouts!
You claw the two-headed ogre!
The two-headed ogre is heavily wounded.
You hear a shout!
You block the two-headed ogre's attack. The two-headed ogre misses you.
You barely miss the two-headed ogre.
The two-headed ogre is heavily wounded.
A bullfrog skeleton comes into view.
You closely miss the two-headed ogre.
The two-headed ogre is heavily wounded.
The two-headed ogre hits you with a +0 giant club!!
* * * LOW HITPOINT WARNING * * *
The two-headed ogre misses you.
There is a stone staircase leading up here.
The two-headed ogre hits you with a +0 giant club!!
You die...

# .# # ######.##
#.##.......###
#..........(.#
#####@O..(.....
#...%....Z......
.#..(...........
#.#......o†8....
##.#............
##.#.....8.....
##.#......=...
##.#....8....
##.#...#..#.


You could see a two-headed ogre, an orc and a bullfrog skeleton.

Vanquished Creatures
  A two-headed ogre (D:8)
  Grinder (D:6)
  2 hippogriffs
  A spriggan (D:7)
  A wyvern (D:7)
  A basilisk (D:7)
  Grum (D:8)
  5 yaks (D:8)
  Eustachio (D:6)
  4 porcupines (D:8)
  A black bear (D:7)
  An orc warrior (D:8)
  A sky beast (D:8)
  An ice beast (D:6)
  2 ogres
  3 wolves
  A centaur (D:6)
  2 crocodiles (D:8)
  Blork the orc (D:6)
  A big kobold (D:8)
  2 bullfrogs (D:8)
  A gnoll sergeant (D:8)
  A scorpion (D:8)
  4 wights (D:8)
  4 howler monkeys
  4 crimson imps
  A centaur skeleton (D:6)
  A quasit (D:8)
  A bullfrog skeleton (D:5)
  5 orc priests
  3 hounds
  6 orc wizards
  An iguana (D:7)
  4 worker ants
  A hound zombie (D:7)
  2 hound skeletons (D:4)
  2 worker ant zombies
  3 gnolls (D:8)
  4 adders
  2 shadow imps (D:8)
  An ooze (D:2)
  An adder zombie (D:1)
  An adder skeleton (D:3)
  2 worms
  A dart slug (D:1)
  5 leopard geckos
  21 orcs
  A bat zombie (D:1)
  3 giant cockroaches
  7 goblins
  9 hobgoblins
  2 jackals (D:8)
  4 quokkas
  A ball python (D:4)
  6 bats
  6 frilled lizards
  A jackal skeleton (D:6)
  10 kobolds
  4 rats
170 creatures vanquished.

Vanquished Creatures (others)
  A plant (D:8)
1 creature vanquished.

Grand Total: 171 creatures vanquished

Notes
Turn   | Place    | Note
-------+----------+-------------------------------------------
     0 | D:1      | greeedy the Demonspawn Artificer began the quest for the
                  | Orb.
     0 | D:1      | Reached XP level 1. HP: 15/15 MP: 3/3
    23 | D:1      | Reached skill level 1 in Short Blades
   272 | D:1      | Gained mutation: You are surrounded by a mild repulsion
                  | field. (EV +2) [demonic ancestry]
   272 | D:1      | Reached XP level 2. HP: 14/21 MP: 4/4
   824 | D:1      | Gained mutation: You have sharp fingernails. [demonic
                  | ancestry]
   824 | D:1      | Reached XP level 3. HP: 22/26 MP: 5/5
  1348 | D:2      | Reached skill level 1 in Unarmed Combat
  2508 | D:3      | Reached skill level 2 in Unarmed Combat
  2508 | D:3      | Gained mutation: You are surrounded by a moderate repulsion
                  | field. (EV +3) [demonic ancestry]
  2508 | D:3      | Reached XP level 4. HP: 32/32 MP: 6/6
  2903 | D:3      | Reached skill level 3 in Unarmed Combat
  3147 | D:3      | Reached XP level 5. HP: 37/37 MP: 7/7
  3342 | D:4      | Found Ifosim's Weapon Boutique.
  3466 | D:4      | Reached skill level 4 in Unarmed Combat
  3602 | D:4      | Gained mutation: You sometimes gain a little power by
                  | taking damage. [demonic ancestry]
  3602 | D:4      | Reached XP level 6. HP: 43/43 MP: 8/8
  3629 | D:4      | Found a radiant altar of Vehumet.
  3629 | D:4      | Found a blossoming altar of Fedhas.
  3630 | D:4      | Found a stormy altar of Qazlal.
  3657 | D:4      | Reached skill level 5 in Unarmed Combat
  3840 | D:5      | Entered Level 5 of the Dungeon
  3859 | D:5      | Found a staircase to the Ecumenical Temple.
  3872 | D:5      | Identified a scroll of acquirement
  3933 | Temple   | Entered the Ecumenical Temple
  4163 | D:5      | Reached skill level 1 in Shields
  4203 | D:5      | Found a hazy altar of Hepliaklqana.
  4357 | D:6      | Gained mutation: You are slightly more attuned to the
                  | shadows. [demonic ancestry]
  4357 | D:6      | Reached XP level 7. HP: 47/48 MP: 9/9
  4438 | Temple   | Became a worshipper of Dithmenos the Shadowed
  4507 | D:6      | Noticed Blork the orc
  4524 | D:6      | Killed Blork the orc
  4524 | D:6      | Reached skill level 6 in Unarmed Combat
  4753 | D:6      | Found a blossoming altar of Fedhas.
  5098 | D:6      | Noticed Grinder
  5100 | D:6      | Paralysed by Grinder for 4 turns
  5114 | D:6      | Killed Grinder
  5114 | D:6      | Reached skill level 7 in Unarmed Combat
  5114 | D:6      | Reached XP level 8. HP: 54/54 MP: 10/10
  5382 | D:6      | Noticed Eustachio
  5390 | D:6      | Noticed a skeletal warrior
  5409 | D:6      | Killed Eustachio
  5443 | D:6      | Reached skill level 8 in Unarmed Combat
  5624 | D:7      | Reached skill level 1 in Stealth
  5654 | D:7      | Reached skill level 1 in Armour
  5666 | D:7      | Reached * piety under Dithmenos
  5902 | D:7      | Reached XP level 9. HP: 27/59 MP: 11/11
  6083 | D:7      | Found a shattered altar of Ashenzari.
  6979 | D:8      | Reached skill level 9 in Unarmed Combat
  6979 | D:8      | Reached skill level 1 in Invocations
  7009 | D:8      | Found a staircase to the Lair.
  7233 | D:8      | Noticed a two-headed ogre
  7239 | D:8      | Killed a two-headed ogre
  7239 | D:8      | Reached skill level 5 in Stealth
  7239 | D:8      | Reached XP level 10. HP: 57/65 MP: 12/12
  7336 | D:8      | Noticed Grum
  7580 | D:8      | Reached ** piety under Dithmenos
  7635 | D:8      | Found an ornate altar of the Wu Jian Council.
  7818 | D:8      | Found a shimmering blue altar of Sif Muna.
  8061 | D:8      | Reached skill level 5 in Armour
  8351 | D:8      | Killed Grum
  8475 | D:9      | Noticed a two-headed ogre
  8491 | D:9      | Slain by a two-headed ogre

Levels and vault maps discovered:
D:1:      saegor_arrival_fortress, layout_basic
D:2:      layout_basic
D:3:      layout_loops_ring
D:4:      layout_basic, chequers_temple_overflow_statue_of_worship,
          first_ration, serial_shops, shop, grunt_decor_clamped,
          skrybe_limestone_x, minmay_misc_feat_five
D:5:      layout_basic, nicolae_overflow_crystal_walls,
          minmay_temple_entry_glass
D:6:      minmay_clustersquares, layout_loops_ring, fedhas_altar_1,
          uniq_eustachio, uniq_grinder, uniq_blork_the_orc
D:7:      layout_cave_pools, ashenzari_altar_1, the_bakery
D:8:      layout_loops_ring, nicolae_overflow_hidden_temple, led_sif_pool,
          minmay_lair_entry_grove, kennysheep_generic_room_15, uniq_grum
D:9:      wad_pebble_path, layout_rooms
Temple:   regret_index_temple_waves

Skill      XL: |  1  2  3  4  5  6  7  8  9 10 |
---------------+-------------------------------+-----
Short Blades   | 1 2 |  2.7
Unarmed Combat | 2 3 4 5 7 8 9 |  9.9
Shields        | 1 3 4 |  4.1
Stealth        | 2 5 |  5.8
Armour         | 2 4 5 |  5.2
Dodging        | 2 3 4 |  4.1
Invocations    | 3 4 |  4.0
Fighting       | |  1.0
Evocations     | |  3.0

Action                   |  1- 3 |  4- 6 |  7- 9 | 10-12 || total
-------------------------+-------+-------+-------+-------++-------
Melee: Short sword       |   191 |       |       |       ||   191
       Dagger            |    15 |   146 |       |       ||   161
       Punch             |       |     2 |     3 |       ||     5
       Unarmed           |       |    49 |   305 |   196 ||   550
Evoke: Wand              |     3 |     1 |    10 |       ||    14
  Use: Scroll            |       |     5 |     2 |       ||     7
 Stab: Sleeping          |       |     1 |     8 |     3 ||    12
       Paralysed         |       |     3 |       |       ||     3
  Eat: Chunk             |     2 |     5 |     3 |     4 ||    14
       Ration            |     1 |       |     2 |       ||     3
Armor: Leather armour    |    44 |       |       |       ||    44
       Acid dragon scale |    24 |    52 |    83 |    42 ||   201
       Skin              |       |       |     2 |       ||     2
Dodge: Dodged            |   150 |   113 |   143 |   141 ||   547
Block: Buckler           |       |       |    37 |    60 ||    97
